 Dungeon Crawl Stone Soup version 0.30.1-11-g7821555f0a (webtiles) character file.

Game seed: 4686056218976467147

14 Sin92 the Charlatan (level 2, 0/19 HPs)
             Began as a Demonspawn Wanderer on Nov 6, 2023.
             Slain by an endoplasm (2 damage)
             ... on level 1 of the Dungeon.
             The game lasted 00:00:23 (358 turns).

Sin92 the Charlatan (Demonspawn Wanderer)            Turns: 358, Time: 00:00:24

Health: 0/19       AC:  2    Str: 11    XL:     2   Next: 31%
Magic:  2/2        EV: 11    Int: 14    God:
Gold:   32         SH:  0    Dex: 12    Spells: 1/1 levels left

rFire   . . .        a - +0 spear
rCold   . . .        (no shield)
rNeg    . . .        e - +0 robe
rPois   .            (no helmet)
rElec   .            (no cloak)
rCorr   .            (no gloves)
SInv    .            (no boots)
Will    .....        (no amulet)
Stlth   ++           (no ring)
HPRegen 0.23/turn    (no ring)
MPRegen 0.08/turn

%: no passive effects
@: no status effects
A: demonic magic 1
a: no special abilities


You were on level 1 of the Dungeon.
You visited 1 branch of the dungeon, and saw 1 of its levels.

You collected 32 gold pieces.

Inventory:

Hand Weapons
 a - a +0 spear (weapon)
Armour
 e - a +0 robe (worn)
Wands
 b - a wand of mindburst (11) (quivered)
Scrolls
 d - 2 scrolls of teleportation
 g - a scroll of identify {unknown}
 i - a scroll of magic mapping {unknown}
Potions
 c - 2 potions of curing
 f - a potion of haste {unknown}
 h - a potion of lignification {unknown}


   Skills:
 + Level 2.0 Polearms
 + Level 1.2 Armour
 + Level 1.2 Dodging
 + Level 1.3 Stealth
 + Level 5.1 Evocations


You had one spell level left.
You didn't know any spells.
Your spell library contained the following spells:

 Spells                   Type           Power      Damage    Failure   Level
 Summon Guardian Golem    Hex/Summ       0%         N/A       65%         3
 Orb of Destruction       Conj           0%         9d5       100%        7
 Spellforged Servitor     Conj/Summ      0%         N/A       100%        7


Dungeon Overview and Level Annotations

Branches:
Dungeon (1/15)

Altars:


Innate Abilities, Weirdness & Mutations

Spells you cast may paralyse adjacent enemies.


Message History

There are monsters nearby!
You reach to attack!
The helpless endoplasm fails to defend itself.
You hit the endoplasm.
The endoplasm is heavily wounded.
The endoplasm quivers.
There are monsters nearby!
You hit the endoplasm.
The endoplasm is severely wounded.
The endoplasm freezes you.
You are frozen.
The endoplasm hits you.
There are monsters nearby!
You hit the endoplasm.
The endoplasm is almost dead.
The endoplasm freezes you.
You are frozen.
The endoplasm freezes you.
You are frozen.
There are monsters nearby!
You hit the endoplasm.
You kill the endoplasm!
The endoplasm freezes you.
You are frozen.
An endoplasm is nearby!
You are too injured to fight recklessly!
An endoplasm is nearby!
You are too injured to fight recklessly!
An endoplasm is nearby!
You are too injured to fight recklessly!
You are too injured to fight recklessly!
You barely miss the endoplasm. The endoplasm freezes you.
You are frozen.
* * * LOW HITPOINT WARNING * * *
You hit the endoplasm but do no damage. The endoplasm barely misses you.
You hit the endoplasm.
The endoplasm is lightly wounded.
The endoplasm jiggles.
The endoplasm hits you.
You die...

.######..# )# #..# .#
####..## .# #......#
.###.##...# ###
..........# ..
..........# .#
######....#######.####
# ##.#.......@J...# ##
#.#########.##.# .#
#.# .# .## ##+## .#
..# ##...## ..
#.###.....## ##
#.##.......##
#...........#
..+....†....+


You could see an endoplasm.

Vanquished Creatures
  3 endoplasms (D:1)
  2 goblins (D:1)
  2 kobolds (D:1)
  3 quokkas (D:1)
  A ball python (D:1)
  A frilled lizard (D:1)
12 creatures vanquished.

Notes
Turn   | Place    | Note
-------+----------+-------------------------------------------
     0 | D:1      | Sin92 the Demonspawn Wanderer began the quest for the Orb.
     0 | D:1      | Sin92 set off with the following items: a +0 spear, a wand
                  | of mindburst (11), a potion of curing, a scroll of
                  | teleportation, a +0 robe.
     0 | D:1      | Reached XP level 1. HP: 13/13 MP: 1/1
   212 | D:1      | Gained mutation: Spells you cast may paralyse adjacent
                  | enemies. [demonic ancestry]
   212 | D:1      | Reached XP level 2. HP: 19/19 MP: 2/2
   358 | D:1      | Slain by an endoplasm

Illustrated notes

Levels and vault maps discovered:
D:1:      dpeg_arrival_three_same_balls, layout_loops_corners,
          minmay_tetromino_t4

Skill      XL: |  1  2 |
---------------+-------+-----
Polearms       | 2 |  2.0
Armour         | |  1.2
Dodging        | |  1.2
Stealth        | |  1.3
Evocations     | |  5.1

Action                     || total
---------------------------++-------
  Melee: Spear             ||    39
   Stab: Sleeping          ||     5
 Armour: Robe              ||     2
  Dodge: Dodged            ||    16
